 Dungeon Crawl Stone Soup version 0.29-a0-96-g93358da72b (webtiles) character file.

Game seed: 12272166049078584496

11208 enile the Fighter (level 11, 0/186 HPs)
             Began as an Ogre Hedge Wizard on Feb 12, 2022.
             Was a Believer of Vehumet.
             Succumbed to a cane toad's poison
             ... on level 1 of the Lair of Beasts.
             The game lasted 01:02:59 (19977 turns).

enile the Fighter (Ogre Hedge Wizard)              Turns: 19977, Time: 01:02:59

Health: 0/186      AC: 25    Str: 16    XL:     11   Next: 74%
Magic:  26/26      EV:  1    Int: 19    God:    Vehumet [**....]
Gold:   817        SH:  0    Dex:  8    Spells: 12/32 levels left

rFire   . . .      SeeInvis +   m - +0 halberd
rCold   x . .      Faith    .   (shield currently unavailable)
rNeg    + . .      Spirit   .   (armour currently unavailable)
rPois   +          Reflect  .   (helmet currently unavailable)
rElec   .          Harm     .   (cloak currently unavailable)
rCorr   .          Rampage  .   (gloves unavailable)
Will    ++...      NoTele   +   (boots unavailable)
Stlth   ++........              e - amulet of regeneration
HPRegen 1.21/turn               D - ring of Intercession {rC- rN+ Will+ SInv}
MPRegen 0.20/turn               C - ring of flight

@: lethally poisoned (0 -> -4), tree-form
A: stationary, stasis, torment immunity, boosted hp, large, unfitting armour,
(tough skin 1), deterioration 1, no potion heal 1, MP-powered wands
a: Renounce Religion


You were on level 1 of the Lair of Beasts.
You worshipped Vehumet.
Vehumet was pleased with you.
You were a tree.
You visited 3 branches of the dungeon, and saw 13 of its levels.
You also visited: Sewer.

You collected 817 gold pieces.

Inventory:

Hand Weapons
 a - a +1 whip of flaming
 m - a +0 halberd (weapon)
 o - a +1 dagger of venom
 p - a +2 war axe of venom
 q - a +0 falchion
 t - a +4 dagger of draining
 y - a +1 hand axe of flaming
 G - a +7 scimitar
Armour
 b - a +1 robe (melded)
 c - a +0 hat
 d - a +0 pair of boots
 r - +0 swamp dragon scales
 w - a +0 cloak (melded)
 B - the +1 leather armour of Wasted Space {Harm rN++ Dex-5 SInv}
   (You found it on level 1 of the Lair of Beasts)

   Dex:       It affects your dexterity (-5).
   rN:        It greatly protects you from negative energy.
   SInv:      It lets you see invisible.
   Harm:      It increases damage dealt and taken.
 F - a +2 hat (melded)
Jewellery
 e - an amulet of regeneration (around neck)
 f - an amulet of guardian spirit
 C - a ring of flight (right branch)
 D - the ring of Intercession (left branch) {rC- rN+ Will+ SInv}
   (You found it on level 1 of the Lair of Beasts)

   [ring of willpower]

   rC:        It makes you vulnerable to cold.
   rN:        It protects you from negative energy.
   SInv:      It lets you see invisible.
   Will:      It increases your willpower.
Wands
 g - a wand of digging (7)
 i - a wand of iceblast (11)
 k - a wand of paralysis (8)
 A - a wand of polymorph (1)
Scrolls
 n - 2 scrolls of blinking
 E - a scroll of enchant weapon
Potions
 h - 7 potions of flight
 l - a potion of attraction
 s - 2 potions of haste
 u - 2 potions of lignification
 z - a potion of degeneration


   Skills:
 - Level 12.3 Fighting
 - Level 2.0 Short Blades
 - Level 3.0 Polearms
 - Level 2.0 Armour
 - Level 5.0 Dodging
 - Level 4.0 Stealth
 - Level 11.0 Spellcasting
 - Level 2.0 Conjurations
 - Level 2.0 Hexes
 - Level 1.0 Summonings
 - Level 0.9 Translocations
 - Level 2.0 Ice Magic
 - Level 6.0 Air Magic
 + Level 3.7 Evocations


You had 12 spell levels left.
You knew the following spells:

 Your Spells              Type           Power      Damage    Failure   Level
a - Magic Dart            Conj           72%        1d6       3%          1
b - Slow                  Hex            72%        N/A       3%          1
c - Blink                 Tloc           26%        N/A       7%          2
d - Mephitic Cloud        Conj/Pois/Air  20%        N/A       7%          3
e - Freeze                Ice            72%        1d9       3%          1
f - Poisonous Vapours     Pois/Air       42%        N/A       3%          2
g - Airstrike             Air            16%        N/A       5%          4
h - Swiftness             Air            33%        N/A       1%          3
i - Tukima's Dance        Hex            18%        N/A       9%          3

Your spell library contained the following spells:

 Spells                   Type           Power      Damage    Failure   Level
 Shock                    Conj/Air       100%       1d9       1%          1
 Apportation              Tloc           26%        N/A       4%          1
 Summon Small Mammal      Summ           56%        N/A       4%          1
 Animate Skeleton         Necr           20%        N/A       7%          1
 Pain                     Necr           40%        1d6       7%          1
 Call Imp                 Summ           14%        N/A       7%          2
 Conjure Flame            Conj/Fire      14%        6-21      13%         3
 Passage of Golubria      Tloc           13%        N/A       41%         4
 Yara's Violent Unravell  Hex/Tmut       7%         3d5       77%         5
 Agony                    Necr           10%        N/A       88%         5
 Alistair's Intoxication  Tmut/Pois      6%         N/A       88%         5
 Excruciating Wounds      Necr           5%         N/A       88%         5


Dungeon Overview and Level Annotations

Branches:
Dungeon (10/15)            Temple (1/1) D:5            Lair (2/6) D:8
  Sewer (visited)
  Swamp: Lair:2-4    Shoals: Lair:2-4     Snake: Lair:2-4    Spider: Lair:2-4
    Orc: D:9-12

Altars:
Ashenzari
Cheibriados
Dithmenos
Elyvilon
Fedhas
Gozag
Hepliaklqana
Kikubaaqudgha
Makhleb
Nemelex Xobeh
Okawaru
Qazlal
Ru
Sif Muna
Trog
Uskayaw
Vehumet
Wu Jian
Xom
Yredelemnul
Zin
The Shining One

Annotations:
D:8 1 runed translucent door, greynaab's ghost, novice GrBe


Innate Abilities, Weirdness & Mutations

You are a tree.
Your roots penetrate the ground, keeping you stationary.
You cannot be teleported.
You are immune to unholy pain and torment.
Your maximum health is greatly increased.
Your equipment is partially melded.
You are too large for most types of armour.
((You have tough skin. (AC +1)))
Your body sometimes deteriorates upon taking damage.
Potions are less effective at restoring your health.
You expend magic power (3 MP) to strengthen your wands.


Message History

You feel sick.
You feel sick.
You feel sick.
You feel sick.
You feel sick.
You are no longer poisoned.
The yak bellows!
The cane toad croaks.
Blink to where?
Press: ? - help, Dir - move target
As you read the scroll of blinking, it crumbles to dust.
Your extra speed is starting to run out.
There is a stone staircase leading down here.
You fly downwards.
There is a stone staircase leading up here.
The wolf howls!
You fly upwards.
You feel yourself slow down. The cane toad stings you!
* * * LOW HITPOINT WARNING * * *
You are lethally poisoned!
The cane toad poisons you!
There is a stone staircase leading down here.
* * * LOW HITPOINT WARNING * * *
You feel very sick.
Casting: Airstrike (mildly dangerous; 5% risk of failure)
Confirm with . or Enter, or press ? or * to list all spells.
Okay, then.
There is a lethal amount of poison in your body!
Blink to where?
Press: ? - help, Dir - move target
As you read the scroll of blinking, it crumbles to dust.
* * * LOW HITPOINT WARNING * * *
You feel very sick.
* * * LOW HITPOINT WARNING * * *
You feel very sick.
You turn into a tree.
Your +0 cloak melds into your body.
Your +2 hat melds into your body.
Your +1 robe melds into your body.
Your roots penetrate the ground.
You die...

##### ### # #### ##.#P####.#
.##..# #........## .....##
##........# ...... #........# ##
.....########.......## #.
........>§.F.........## ##.##
...................##.# .#..##
.............(.(♣..(..#####....##
......#########.#...(...P#......#
...#P.# ######..........(..
.###### #.##........... ###
####.#(........ .F### ###
####.......# #...#######.###
###....## ..............#
###....## ......≈...§...##
#P......#


You could see a cane toad.

Vanquished Creatures
  Gastronok (D:8)
  Harold (D:9)
  A two-headed ogre (D:8)
  Pikel (D:8)
  A cyclops (D:9)
  Maurice (D:8)
  A cane toad (Lair:1)
  A black mamba (Lair:1)
  Maggie (D:6)
  2 komodo dragons
  3 blink frogs (Lair:1)
  Sigmund (D:4)
  10 yaks
  3 water moccasins
  2 sky beasts
  2 orc warriors
  3 ogres
  3 necrophages
  An ice beast (D:4)
  3 centaurs
  3 phantoms
  A lemure (D:8)
  2 gnoll sergeants
  5 bullfrogs
  2 scorpions
  A wyvern skeleton (D:7)
  A water moccasin skeleton (D:5)
  3 killer bees (D:9)
  2 wights (D:8)
  A howler monkey (D:4)
  2 centaur zombies
  A bullfrog skeleton (D:6)
  6 hounds
  3 jellies
  A gnoll shaman (D:5)
  2 orc priests (D:7)
  2 centaur skeletons
  Terence (D:3)
  6 orc wizards
  A merfolk siren (Sewer)
  A merfolk avatar (Sewer)
  A howler monkey zombie (D:8)
  Robin (D:4)
  18 gnolls
  4 adders
  A white imp (D:7)
  3 ufetubi
  2 adder skeletons (D:4)
  5 dart slugs (D:1)
  11 orcs
  8 ball pythons
  7 endoplasms
  5 giant cockroaches
  14 goblins
  9 hobgoblins
  6 kobolds
  16 quokkas
  5 bats
  7 frilled lizards
  35 rats
247 creatures vanquished.

Vanquished Creatures (collateral kills)
  3 yaks (Lair:1)
  A wight (D:8)
  A killer bee (D:9)
5 creatures vanquished.

Vanquished Creatures (others)
  A naga (D:9)
  A water moccasin (Lair:1)
  A centaur (D:10)
  An orc (D:9)
  4 fungi (Lair:1)
  38 plants
46 creatures vanquished.

Grand Total: 298 creatures vanquished

Notes
Turn   | Place    | Note
-------+----------+-------------------------------------------
     0 | D:1      | enile the Ogre Hedge Wizard began the quest for the Orb.
     0 | D:1      | Reached XP level 1. HP: 16/16 MP: 5/5
    12 | D:1      | Reached skill level 1 in Conjurations
    12 | D:1      | Reached skill level 1 in Summonings
   104 | D:1      | Reached skill level 1 in Fighting
   170 | D:1      | Reached XP level 2. HP: 28/28 MP: 1/6
   198 | D:1      | Reached skill level 2 in Fighting
   667 | D:1      | Reached XP level 3. HP: 35/35 MP: 4/8
  1509 | D:2      | Reached skill level 3 in Fighting
  1509 | D:2      | Reached XP level 4. HP: 45/45 MP: 8/10
  2531 | D:3      | Noticed Terence
  2541 | D:2      | Learned a level 1 spell: Slow
  2763 | D:3      | Killed Terence
  2764 | D:3      | Reached skill level 4 in Fighting
  3353 | D:4      | Reached skill level 5 in Fighting
  3353 | D:4      | Reached XP level 5. HP: 31/56 MP: 9/11
  3578 | D:4      | Noticed a phantom
  3584 | D:4      | Reached skill level 1 in Short Blades
  3936 | D:4      | Noticed Robin
  3962 | D:4      | Killed Robin
  3963 | D:4      | Reached XP level 6. HP: 28/66 MP: 10/12
  3968 | D:5      | Entered Level 5 of the Dungeon
  4328 | D:4      | Reached skill level 5 in Spellcasting
  4453 | D:4      | Noticed Sigmund
  4841 | D:4      | Killed Sigmund
  4842 | D:4      | Reached skill level 6 in Fighting
  4842 | D:4      | Reached skill level 1 in Hexes
  4842 | D:4      | Reached XP level 7. HP: 24/75 MP: 5/14
  5490 | D:4      | Learned a level 2 spell: Blink
  6001 | D:5      | Found a staircase to the Ecumenical Temple.
  6209 | D:4      | Reached XP level 8. HP: 72/84 MP: 14/17
  6272 | D:5      | Reached skill level 7 in Fighting
  6531 | D:5      | Reached skill level 8 in Fighting
  7046 | D:5      | Found a white marble altar of Elyvilon.
  7124 | Temple   | Entered the Ecumenical Temple
  7339 | Temple   | Became a worshipper of Vehumet
  7403 | D:5      | Learned a level 3 spell: Mephitic Cloud
  8279 | D:5      | Reached skill level 9 in Fighting
  8444 | D:6      | Found a glowing drain.
  8477 | Sewer    | Entered a sewer
  8508 | Sewer    | Reached * piety under Vehumet
  8508 | Sewer    | Offered knowledge of Freeze by Vehumet.
  8511 | Sewer    | Learned a level 1 spell: Freeze
  8649 | Sewer    | Reached skill level 1 in Evocations
  8942 | Sewer    | Reached XP level 9. HP: 79/98 MP: 14/19
 10464 | D:6      | Noticed Maggie
 10479 | D:6      | Gained mutation: Your body sometimes deteriorates upon
                  | taking damage. [potion of mutation]
 10479 | D:6      | Gained mutation: Potions are less effective at restoring
                  | your health. [potion of mutation]
 10479 | D:6      | Gained mutation: You expend magic power (3 MP) to
                  | strengthen your wands. [potion of mutation]
 10501 | D:6      | Killed Maggie
 10502 | D:6      | Reached skill level 1 in Ice Magic
 11939 | D:7      | Reached skill level 10 in Fighting
 12217 | D:7      | You fall into a shaft and drop 3 floors!
 12217 | D:10     | Entered Level 10 of the Dungeon
 12274 | D:9      | Noticed a gargoyle
 12687 | D:9      | Noticed Erolcha
 12702 | D:9      | Noticed a cyclops
 12765 | D:8      | Found a staircase to the Lair.
 12781 | D:8      | Noticed a komodo dragon
 12820 | D:8      | Noticed a two-headed ogre
 12867 | D:8      | Noticed Pikel
 12873 | D:8      | Noticed Gastronok
 12925 | D:8      | Noticed Maurice
 14092 | D:7      | Offered knowledge of Poisonous Vapours by Vehumet.
 14094 | D:7      | Reached skill level 10 in Spellcasting
 14097 | D:7      | Reached ** piety under Vehumet
 14099 | D:7      | Reached skill level 1 in Air Magic
 14194 | D:7      | Learned a level 2 spell: Poisonous Vapours
 14275 | D:8      | Reached XP level 10. HP: 101/110 MP: 18/24
 14338 | D:8      | Found a runed translucent door.
 14341 | D:8      | Noticed greynaab's ghost (novice GrBe)
 14432 | D:8      | Killed Gastronok
 14433 | D:8      | Reached skill level 11 in Fighting
 15016 | D:8      | Killed a two-headed ogre
 15023 | D:8      | Killed Pikel
 15024 | D:8      | Reached skill level 12 in Fighting
 15559 | D:8      | Learned a level 4 spell: Airstrike
 15733 | D:8      | Killed Maurice
 15734 | D:8      | Reached skill level 5 in Dodging
 16528 | D:9      | Reached XP level 11. HP: 33/123 MP: 1/25
 16918 | D:9      | Noticed Harold
 16940 | D:9      | Killed Harold
 16941 | D:9      | Reached skill level 5 in Air Magic
 16964 | D:9      | HP: 4/123 [something/fireball (10)]
 16966 | D:9      | HP: 1/123 [orc (4)]
 17897 | D:9      | Reached skill level 1 in Polearms
 18253 | D:8      | Learned a level 3 spell: Swiftness
 18257 | D:8      | Learned a level 3 spell: Tukima's Dance
 18351 | D:9      | Noticed Erolcha
 18351 | D:9      | Erolcha changed into Erolcha the naga
 18361 | D:9      | Your ally Erolcha died
 18624 | D:9      | Killed a cyclops
 18661 | Lair:1   | Entered Level 1 of the Lair of Beasts
 18924 | Lair:1   | Identified the ring of Intercession {rC- rN+ Will+ SInv}
 19527 | Lair:1   | Identified the +1 leather armour of Wasted Space {Harm rN++
                  | Dex-5 SInv}
 19891 | Lair:1   | Noticed a five-headed hydra
 19942 | Lair:1   | HP: 5/124 [poisoned by a black mamba]
 19947 | Lair:1   | HP: 5/124 [poisoned by a black mamba]
 19974 | Lair:1   | HP: 6/124 [poisoned by a cane toad]
 19976 | Lair:1   | HP: 1/124 [poisoned by a cane toad]
 19977 | Lair:1   | Succumbed to a cane toad's poison

Illustrated notes

Levels and vault maps discovered:
D:1:      elethiomel_arrival_diamonds, layout_basic
D:2:      layout_rooms
D:3:      layout_rooms, uniq_terence
D:4:      minmay_inner_zag, layout_basic, uniq_robin, uniq_sigmund
D:5:      layout_cave_pools, elyvilon_altar_4, minmay_temple_entry_butterflies,
          pf_guarded_unrand_woodcutter
D:6:      layout_layer_cave, gup_sewer_entry_pipe, serial_park_tiny_pond,
          uniq_maggie
D:7:      layout_rooms
D:8:      layout_loops_corners, david_lair_shrubbed,
          hellmonk_ghost_happy_afterlife, corexii_leaking_fountain,
          supply_closet_lemuel, hangedman_decor_riveting, minmay_misc_feat_rows,
          grunt_decor_mini_mirrors, uniq_gastronok, uniq_pikel, uniq_maurice
D:9:      layout_loops_ring, chequers_mini_garden, uniq_harold, uniq_erolcha
D:10:     layout_irregular_city, hiddenorc2_lemuel, serial_ice, serial_ice_k,
          serial_ice_n, serial_ice_f, serial_ice_a, uniq_joseph
Temple:   mainiacjoe_temple_archimedes_tessellation
Lair:1:   layout_hall_layers, lemuel_old_faithful, grunt_megastairs_3,
          infiniplex_staircase_pool_2
Lair:2:   layout_small_grid, palyth_hydra_swamp_entry,
          grunt_forest_small_clearing_treed, serial_bayou_shore_a,
          grunt_megastairs_5

Skill      XL: |  1  2  3  4  5  6  7  8  9 10 11 |
---------------+----------------------------------+-----
Conjurations   | 1 2 |  2.0
Summonings     | 1 |  1.0
Fighting       | 1 2 3 5 6 9 10 12 | 12.3
Spellcasting   | 4 5 6 7 10 11 | 11.0
Dodging        | 2 3 4 5 |  5.0
Short Blades   | 1 2 |  2.0
Stealth        | 2 3 4 |  4.0
Hexes          | 1 2 |  2.0
Evocations     | 1 2 3 |  3.7
Ice Magic      | 2 |  2.0
Air Magic      | 1 4 6 |  6.0
Armour         | 2 |  2.0
Polearms       | 3 |  3.0
Translocations | |  0.9

Action                   |  1- 3 |  4- 6 |  7- 9 | 10-12 || total
-------------------------+-------+-------+-------+-------++-------
Melee: Dagger            |    44 |   157 |   321 |       ||   522
       Punch             |     3 |     3 |     5 |       ||    11
       Falchion          |       |     5 |       |       ||     5
       Scythe            |       |       |     5 |       ||     5
       Halberd           |       |       |   127 |   177 ||   304
Throw: Dart              |       |       |       |    19 ||    19
       Throwing net      |       |       |       |     6 ||     6
 Cast: Magic Dart        |    80 |    38 |    77 |    10 ||   205
       Slow              |       |    13 |    20 |     7 ||    40
       Freeze            |       |       |    38 |     7 ||    45
       Mephitic Cloud    |       |       |    11 |    10 ||    21
       Blink             |       |       |     3 |     4 ||     7
       Poisonous Vapours |       |       |     2 |    18 ||    20
       Airstrike         |       |       |       |    84 ||    84
       Swiftness         |       |       |       |     2 ||     2
Evoke: Wand              |       |       |    27 |    18 ||    45
  Use: Scroll            |       |    10 |     7 |    19 ||    36
       Potion            |       |     3 |     7 |     4 ||    14
 Stab: Sleeping          |       |     3 |     5 |       ||     8
       Confused          |       |       |     3 |     2 ||     5
       Held in net/web   |       |       |       |     1 ||     1
       Paralysed         |       |       |       |     1 ||     1
Armor: Robe              |    11 |    46 |   144 |    63 ||   264
       Skin              |       |       |     4 |     2 ||     6
Dodge: Dodged            |    22 |    81 |   237 |   130 ||   470

Table legend: (Time is in decaauts)
 A = Elapsed time spent in this place.
 B = Non-inter-level travel time spent in this place.
 C = Inter-level travel time spent in this place.
 D = Time resting spent in this place.
 E = Time spent auto-exploring this place.
 F = Levels seen in this place.
 G = Mean time per level.
                   A        B        C        D        E       F      G
               +--------+--------+--------+--------+--------+-----+--------+
         Total |  20189 |  19604 |    585 |   2255 |  13435 |  14 | 1442.1 |
       Dungeon |  17385 |  16835 |    550 |   2141 |  11765 |  10 | 1738.5 |
        Temple |    237 |    203 |     34 |      0 |    183 |   1 |  237.0 |
          Lair |   1314 |   1314 |      0 |      6 |    929 |   2 |  657.0 |
         Sewer |   1252 |   1252 |      0 |    108 |    558 |   1 | 1252.0 |
               +--------+--------+--------+--------+--------+-----+--------+

Top non-repeatable levels by time:
     D:4: 2764 daAuts
     D:8: 2625 daAuts
     D:6: 2349 daAuts
     D:9: 2282 daAuts
     D:5: 1678 daAuts
     D:7: 1656 daAuts
     D:1: 1395 daAuts
  Lair:1: 1313 daAuts
   Sewer: 1252 daAuts
     D:2: 1188 daAuts
     D:3: 1130 daAuts
    D:10: 315 daAuts
  Temple: 237 daAuts
  Lair:2: 1 daAuts
